 Dungeon Crawl Stone Soup version 0.26-a0-612-gd4d190f45e (webtiles) character file.

Game seed: 11557685869150483443

242 MrRokkomies the Digger (level 6, -2/36 HPs)
             Began as an Octopode Earth Elementalist on Sept 8, 2020.
             Killed by nerve-wracking pain
             ... invoked by Grinder
              (11 damage)
             ... while paralysed by Grinder
             ... on level 3 of the Dungeon.
             The game lasted 00:06:14 (3700 turns).

MrRokkomies the Digger (OpEE)                       Turns: 3700, Time: 00:06:15

Health: -2/36      AC:  1    Str:  7    XL:     6   Next: 9%
Magic:  9/10       EV:  2    Int: 19    God:
Gold:   174        SH:  0    Dex: 13    Spells: 4/10 levels left

rFire    . . .     SeeInvis .   a - +2 dagger (elec)
rCold    . . .     Faith    .   (no shield)
rNeg     . . .     Spirit   .   (helmet restricted)
rPois    .         Reflect  .   (no amulet)
rElec    .         Harm     .   (no ring)
rCorr    .                      (no ring)
MR       .....                  (no ring)
Stlth    ++++......             (no ring)
HPRegen  0.12/turn              (no ring)
MPRegen  0.12/turn              (no ring)
                                (no ring)
                                (no ring)

@: paralysed
A: almost no armour, stealthy swim, amphibious, 8 rings, constrict 8, camouflage
1, gelatinous body 1
a: no special abilities


You were on level 3 of the Dungeon.
You visited 1 branch of the dungeon, and saw 3 of its levels.

You collected 174 gold pieces.

Inventory:

Hand Weapons
 a - a +2 dagger of electrocution (weapon)
 c - a +0 dagger
Missiles
 f - 8 boomerangs
 j - 12 stones (quivered)
Wands
 h - a wand of acid (9)
Scrolls
 b - 3 scrolls of fear
 d - a scroll of enchant armour
 l - a scroll of remove curse
 m - a scroll of magic mapping {unknown}
Potions
 e - 2 potions of curing {unknown}
 g - a potion of lignification
 i - a potion of heal wounds {unknown}
 k - a potion of brilliance {unknown}
 n - a potion of degeneration {unknown}


   Skills:
 * Level 3.9 Dodging
 + Level 4.3 Stealth
 + Level 2.8 Spellcasting
 - Level 1.0 Transmutations
 * Level 4.5 Earth Magic


You had 4 spell levels left.
You knew the following spells:

 Your Spells              Type           Power        Failure   Level
a - Sandblast             Erth           ###...       2%          1
b - Passwall              Tmut/Erth      ##......     8%          2
c - Stone Arrow           Conj/Erth      ##....       19%         3

Your spell library contained the following spells:

 Spells                   Type           Power        Failure   Level
 Animate Skeleton         Necr           #.....       16%         1
 Apportation              Tloc           #.....       16%         1
 Corona                   Hex            #......      16%         1
 Summon Small Mammal      Summ           #...         16%         1
 Petrify                  Tmut/Erth      ##......     45%         4
 Lee's Rapid Deconstruct  Erth           ###.......   56%         5


Dungeon Overview and Level Annotations

Branches:
Dungeon (3/15)

Altars:

Annotations:
D:3 Blork the orc, Grinder, Robin


Innate Abilities, Weirdness & Mutations

You cannot wear most types of armour.
You are very stealthy in the water. (Stealth+)
You are amphibious.
You can wear up to eight rings at the same time.
You can use your tentacles to constrict eight enemies at once.
Your skin changes colour to match your surroundings (Stealth+).
Your rubbery body absorbs attacks. (AC +1, EV +1)


Message History

a +0 dagger; a goblin corpse You hit Grinder.
Your grab misses Grinder. You squeeze Grinder!
Grinder is moderately wounded.
Grinder misses you.
You closely miss Grinder. Your grab misses Grinder.
Grinder is moderately wounded.
Grinder hits you.
You writhe in agony.
You hit Grinder but do no damage. You grab Grinder.
Grinder is moderately wounded.
You constrict Grinder, but do no damage.
Grinder gestures at you.
You suddenly lose the ability to move!
You lose your grip on Grinder.
Grinder hits you. Grinder hits you!
You writhe in agony.
Grinder says, "Mostly I couldn't keep them alive."
Grinder hits you.
You writhe in agony.
* * * LOW HITPOINT WARNING * * *
Grinder gestures at you. Pain shoots through your body!
You die...

..# #.#.# ..#
..# #...# ..
..# #g### ..
### #.# .#
#.# .###.#
#)#####......
#†.g..g#
######5# #@#
#.#
######.####
...........#
.#####...#.#
#....#.#
#....#.#.#
#........#
#.####.###


You could see Grinder and a hobgoblin.

Vanquished Creatures
  An orc priest (D:3)
  Jessica (D:3)
  5 adders
  3 gnolls (D:2)
  3 worms
  3 dart slugs
  2 leopard geckos (D:1)
  7 orcs
  14 bats
  4 giant cockroaches
  10 goblins
  10 hobgoblins
  7 jackals (D:2)
  A quokka (D:3)
  4 frilled lizards
  7 kobolds
  9 rats
91 creatures vanquished.

Vanquished Creatures (others)
  2 fungi (D:1)
  4 toadstools (D:1)
6 creatures vanquished.

Grand Total: 97 creatures vanquished

Notes
Turn   | Place    | Note
-------+----------+-------------------------------------------
     0 | D:1      | MrRokkomies the Octopode Earth Elementalist began the quest
                  | for the Orb.
     0 | D:1      | Reached XP level 1. HP: 11/11 MP: 3/3
   291 | D:1      | Reached XP level 2. HP: 17/17 MP: 5/5
  1012 | D:1      | Reached XP level 3. HP: 21/21 MP: 6/6
  1561 | D:2      | Reached XP level 4. HP: 27/27 MP: 5/7
  2306 | D:2      | Reached XP level 5. HP: 16/31 MP: 5/8
  2885 | D:2      | Learned a level 2 spell: Passwall
  2889 | D:2      | Learned a level 3 spell: Stone Arrow
  2926 | D:3      | Noticed Jessica
  2942 | D:3      | Killed Jessica
  3335 | D:3      | Reached XP level 6. HP: 13/36 MP: 0/10
  3670 | D:3      | Noticed Robin
  3670 | D:3      | Noticed Grinder
  3672 | D:3      | Noticed Blork the orc
  3696 | D:3      | Paralysed by Grinder for 6 turns
  3700 | D:3      | Killed from afar by Grinder

Illustrated notes

Levels and vault maps discovered:
D:1:      psy_arrival_terrarium, layout_rooms, corexii_corridor_pit,
          minmay_gold_behind_fungi, minmay_misc_feat_pillars, st_stairs_11,
          kennysheep_another_room
D:2:      layout_rooms, minmay_ruptured
D:3:      layout_loops_ring, tgw_sif, uniq_robin, uniq_jessica, uniq_grinder

Skill      XL: |  1  2  3  4  5 |
---------------+----------------+-----
Stealth        | 3 4 |  4.3
Dodging        | 3 |  3.9
Earth Magic    | 4 |  4.5
Spellcasting   | |  2.8
Transmutations | |  1.0

Action                   |  1- 3 |  4- 6 || total
-------------------------+-------+-------++-------
Melee: Dagger            |    47 |    99 ||   146
       Unarmed           |     5 |       ||     5
       Constrict         |    17 |    29 ||    46
       Tentacles         |     8 |    16 ||    24
Throw: Boomerang         |       |     5 ||     5
 Cast: Sandblast         |    27 |    44 ||    71
  Use: Scroll            |       |     4 ||     4
       Potion            |       |     1 ||     1
 Stab: Sleeping          |     1 |     8 ||     9
Armor: Skin              |     8 |    10 ||    18
Dodge: Dodged            |    49 |    61 ||   110

Table legend: (Time is in decaauts)
 A = Elapsed time spent in this place.
 B = Non-inter-level travel time spent in this place.
 C = Inter-level travel time spent in this place.
 D = Time resting spent in this place.
 E = Time spent auto-exploring this place.
 F = Levels seen in this place.
 G = Mean time per level.
                   A        B        C        D        E       F      G
               +--------+--------+--------+--------+--------+-----+--------+
         Total |   3702 |   3655 |     47 |    560 |   2543 |   3 | 1234.0 |
       Dungeon |   3702 |   3655 |     47 |    560 |   2543 |   3 | 1234.0 |
               +--------+--------+--------+--------+--------+-----+--------+

Top non-repeatable levels by time:
     D:2: 1514 daAuts
     D:1: 1394 daAuts
     D:3: 794 daAuts
